 Dungeon Crawl Stone Soup version 0.19-a0-981-gaae9137 (webtiles) character file.

142 mistymad the Charmwright (level 5, -4/41 HPs)
             Began as a Merfolk Skald on July 14, 2016.
             Slain by a crocodile (17 damage)
             ... in a sewer.
             The game lasted 00:06:37 (1747 turns).

mistymad the Charmwright (Merfolk Skald)            Turns: 1747, Time: 00:06:37

Health: -4/41      AC:  4    Str: 13    XL:     5   Next: 24%
Magic:  8/8        EV: 13    Int: 11    God:
Gold:   87         SH:  0    Dex: 14    Spells: 3 memorised, 4 levels left

rFire  . . .     SeeInvis .     a - +0 spear
rCold  . . .     Gourm    .     b - +0 leather armour
rNeg   . . .     Faith    .     (no shield)
rPois  .         Spirit   .     (no helmet)
rElec  .         Dismiss  .     j - +0 cloak
rCorr  .         Reflect  .     (no gloves)
SustAt .         Harm     .     (no boots)
MR     .....                    (no amulet)
Stlth  +.........               (no ring)
                                (no ring)

@: not resistant to hostile enchantments, very unstealthy
A: change form in water, swift swim
a: no special abilities


You were in a sewer.
You were not hungry.

You visited 1 branch of the dungeon, and saw 3 of its levels.
You also visited: Sewer.

You collected 87 gold pieces.

Inventory:

Hand Weapons
 a - a +0 spear (weapon)
Armour
 b - a +0 leather armour (worn)
 j - a +0 cloak (worn)
Scrolls
 e - 2 scrolls of remove curse {unknown}
 h - 3 scrolls of enchant armour {unknown}
 i - 4 scrolls of identify {unknown}
 k - a scroll of recharging {unknown}
 l - 6 scrolls of teleportation {unknown}
 q - a scroll of noise {unknown}
 r - a scroll of fear {unknown}
Potions
 g - a potion of heal wounds {unknown}
 n - 2 potions of lignification {unknown}
 o - a potion of curing {unknown}
 p - a potion of degeneration {unknown}
 t - a potion of berserk rage {unknown}
Books
 c - a book of Battle

   Spells                             Type                      Level
   a - Infusion                       Charms                       1
   b - Shroud of Golubria             Charms/Translocation         2
   c - Song of Slaying                Charms                       2
   d - Spectral Weapon                Hexes/Charms                 3
   e - Regeneration                   Charms/Necromancy            3
 s - a book of Clouds

   Spells                             Type                      Level
   a - Mephitic Cloud                 Conjuration/Poison/Air       3
   b - Conjure Flame                  Conjuration/Fire             3
   c - Poisonous Cloud                Conjuration/Poison/Air       6
   d - Freezing Cloud                 Conjuration/Ice/Air          6
   e - Ring of Flames                 Charms/Fire                  7
Comestibles
 d - 2 bread rations
 f - 3 chunks of flesh
 m - a slice of pizza


   Skills:
 + Level 3.0 Fighting
 + Level 4.2 Polearms
 - Level 0.8 Armour
 + Level 3.1 Dodging
 + Level 2.5 Spellcasting
 + Level 4.2 Charms


You had 4 spell levels left.
You knew the following spells:

 Your Spells              Type           Power        Failure   Level  Hunger
a - Infusion              Chrm           ##..         10%         1    ##.....
b - Song of Slaying       Chrm           ##......     12%         2    ###....
c - Shroud of Golubria    Chrm/Tloc      #.........   24%         2    ###....


Dungeon Overview and Level Annotations

Branches:
Dungeon (3/15)

Altars:


Message History

The crocodile is moderately wounded.
You closely miss the crocodile.
The crocodile is moderately wounded.
The crocodile barely misses you.
You barely miss the crocodile.
The crocodile is moderately wounded.
The crocodile bites you!
You take 14 damage, and have 16/41 hp.
MASSIVE DAMAGE!!
You hit the crocodile.
The crocodile is moderately wounded.
The crocodile bites you.
* * * LOW HITPOINT WARNING * * *
You take 5 damage, and have 11/41 hp.
You are too injured to fight recklessly!
You are too injured to fight recklessly!
MP restored: 8 Your magical contamination has completely faded away.
The crocodile closely misses you. The crocodile bites you!
You die...

#..... #..... #.....
#.... ####### #.#
##.....## #.#
##...≈...## #.#
##...≈≈≈...#######.#
#.∩@t≈≈≈≈..........#
##...≈≈≈...#######.#
##...≈...## #.#
##.....## #.#
####### #.# #.# #.#
#.# #∩#


You could see a crocodile.

Vanquished Creatures
  The ghost of crawlian the Firebug, a weakling DEFE (D:3)
  5 adders
  A dart slug (D:2)
  2 giant geckos
  An orc (D:3)
  11 bats
  4 giant cockroaches
  6 goblins
  7 hobgoblins
  7 jackals
  A quokka (D:3)
  A giant newt (D:1)
  6 kobolds
  4 rats
57 creatures vanquished.

Notes
Turn   | Place    | Note
-------+----------+-------------------------------------------
     0 | D:1      | mistymad the Merfolk Skald began the quest for the Orb.
     0 | D:1      | Reached XP level 1. HP: 16/16 MP: 3/3
    74 | D:1      | Reached XP level 2. HP: 11/22 MP: 5/5
   433 | D:1      | Reached XP level 3. HP: 28/28 MP: 6/6
   922 | D:2      | Reached XP level 4. HP: 27/34 MP: 7/7
  1240 | D:3      | Learned a level 2 spell: Song of Slaying
  1243 | D:3      | Learned a level 2 spell: Shroud of Golubria
  1266 | D:3      | Noticed crawlian's ghost (weakling DEFE)
  1273 | D:3      | Killed crawlian's ghost
  1378 | D:3      | Reached XP level 5. HP: 33/40 MP: 8/8
  1538 | D:3      | Found a glowing drain.
  1644 | Sewer    | Entered a sewer
  1708 | Sewer    | Noticed a crocodile
  1747 | Sewer    | Slain by a crocodile

Vault maps used:
D:1:      matt_arrival_spirals
D:3:      portal_sewer_entry_d, grunt_gozag_breadcrumbs
Sewer:    sewer_big_baddie

Skill      XL: |  1  2  3  4  5 |
---------------+----------------+-----
Dodging        | 2 3 |  3.1
Polearms       | 4 |  4.2
Charms         | 4 |  4.2
Fighting       | 3 |  3.0
Armour         | |  0.8
Spellcasting   | |  2.5

Action                   |  1- 3 |  4- 6 || total
-------------------------+-------+-------++-------
Melee: Spear             |   182 |   104 ||   286
 Cast: Shroud of Golubri |       |     1 ||     1
       Infusion          |       |     1 ||     1
  Eat: Chunk             |       |     3 ||     3
Armor: Leather armour    |    55 |    33 ||    88
Dodge: Dodged            |   113 |    83 ||   196
